% Time on Ice - SAN JOSE BRONCOS
Lines # - Real PCT - Wanted PCT - Time Play
Normal Forward
1 - 32% - 36% - 14:44
2 - 27% - 31% - 12:30
3 - 21% - 23% - 9:36
4 - 19% - 10% - 8:39
Normal Defense
1 - 32% - 37% - 14:40
2 - 32% - 35% - 14:21
3 - 31% - 28% - 14:12
4 - 5% - 0% - 2:16
PP Forward
1 - 50% - 55% - 4:56
2 - 50% - 45% - 4:59
PP Defense
1 - 46% - 55% - 4:32
2 - 54% - 45% - 5:23
PK Forward
1 - 57% - 55% - 1:06
2 - 43% - 45% - 0:50
PK Defense
1 - 64% - 55% - 1:14
2 - 36% - 45% - 0:42
PK3 Forward
1 - 0% - 55%
2 - 0% - 45%
PK3 Defense
1 - 0% - 50%
2 - 0% - 50%
44 Forward
1 - 53% - 50% - 1:03
2 - 47% - 50% - 0:56
44 Defense
1 - 53% - 50% - 1:03
2 - 47% - 50% - 0:56
Last Minute Offensive  - 0:41
Last Minute Defensive  - 0:00
Total
Forward - 60:00
Defense - 60:00
% Time on Ice - CALGARY FIREMEN
Lines # - Real PCT - Wanted PCT - Time Play
Normal Forward
1 - 35% - 34% - 15:53
2 - 31% - 31% - 14:10
3 - 23% - 25% - 10:28
4 - 11% - 10% - 4:58
Normal Defense
1 - 30% - 34% - 13:50
2 - 32% - 31% - 14:20
3 - 30% - 25% - 13:44
4 - 8% - 10% - 3:35
PP Forward
1 - 57% - 50% - 1:06
2 - 43% - 50% - 0:50
PP Defense
1 - 43% - 50% - 0:50
2 - 57% - 50% - 1:06
PK Forward
1 - 51% - 50% - 5:05
2 - 49% - 50% - 4:50
PK Defense
1 - 47% - 50% - 4:40
2 - 53% - 50% - 5:15
PK3 Forward
1 - 0% - 50%
2 - 0% - 50%
PK3 Defense
1 - 0% - 50%
2 - 0% - 50%
44 Forward
1 - 67% - 55% - 1:20
2 - 33% - 45% - 0:39
44 Defense
1 - 73% - 55% - 1:27
2 - 27% - 45% - 0:32
Last Minute Offensive  - 0:00
Last Minute Defensive  - 0:41
Total
Forward - 60:00
Defense - 60:00
Play-by-Play 1st period 0:01 of 1st period - Evgeni Malkin wins face-off versus Ryan Johansen in neutral zone. 0:17 of 1st period - Ryan Johansen is hit by Brady Skjei. 0:38 of 1st period - Off-side. 0:39 of 1st period - Mikko Koivu wins face-off versus Adam Henrique in neutral zone. 0:42 of 1st period - Ian Cole is hit by Oliver Bjorkstrand and loses puck. 1:21 of 1st period - Shot by Alex Tuch. 1:21 of 1st period - Stopped by Jacob Markstrom without a rebound. 1:22 of 1st period - Nick Bonino wins face-off versus Luke Glendening in SAN JOSE BRONCOS zone. 1:28 of 1st period - Minor Penalty to Ryan Graves for High sticking. 1:29 of 1st period - Evgeni Malkin wins face-off versus Luke Glendening in CALGARY FIREMEN zone. 2:24 of 1st period - Icing by Jaccob Slavin. 2:25 of 1st period - Luke Glendening wins face-off versus Oliver Bjorkstrand in SAN JOSE BRONCOS zone. 2:34 of 1st period - Shot by Luke Glendening. 2:34 of 1st period - Shot Misses the Net. 2:44 of 1st period - Shot by Jaccob Slavin. 2:44 of 1st period - Stopped by Devan Dubnyk without a rebound. 2:45 of 1st period - Mikko Koivu wins face-off versus Oskar Lindblom in CALGARY FIREMEN zone. 3:12 of 1st period - Icing by Adam Pelech. 3:13 of 1st period - Mikko Koivu wins face-off versus Luke Glendening in SAN JOSE BRONCOS zone. 3:32 of 1st period - Shot by Jesper Bratt. 3:32 of 1st period - Shot Misses the Net. 5:31 of 1st period - Shot by Evgeni Malkin. 5:31 of 1st period - Stopped by Devan Dubnyk without a rebound. 5:32 of 1st period - Luke Glendening wins face-off versus Mikko Koivu in CALGARY FIREMEN zone. 5:39 of 1st period - Icing by Jonathon Merrill. 5:40 of 1st period - Luke Glendening wins face-off versus Evgeni Malkin in CALGARY FIREMEN zone. 5:40 of 1st period - Oskar Lindblom is hit by Dustin Brown and loses puck. 5:46 of 1st period - Andy Greene is hit by Adam Pelech and loses puck. 5:59 of 1st period - Shot by Luke Glendening. 5:59 of 1st period - Shot Blocked by Adam Pelech. 6:41 of 1st period - Icing by Zach Parise. 6:42 of 1st period - Mikko Koivu wins face-off versus Ryan Johansen in SAN JOSE BRONCOS zone. 6:53 of 1st period - Shot by Zach Parise. 6:53 of 1st period - Stopped by Devan Dubnyk with a rebound. 7:13 of 1st period - Shot by Zach Parise. 7:13 of 1st period - Stopped by Devan Dubnyk without a rebound. 7:14 of 1st period - Colton Sissons wins face-off versus Christopher Brown in CALGARY FIREMEN zone. 7:17 of 1st period - Shot by Jordan Weal. 7:17 of 1st period - Shot Misses the Net. 7:48 of 1st period - Colton Sissons is hit by Ian Cole. 8:44 of 1st period - Shot by Evgeni Malkin. 8:44 of 1st period - Shot Misses the Net. 8:46 of 1st period - Shot by Alexander Radulov. 8:46 of 1st period - Stopped by Devan Dubnyk without a rebound. 8:47 of 1st period - Mikko Koivu wins face-off versus Ryan Johansen in CALGARY FIREMEN zone. 9:04 of 1st period - Shot by Ryan Johansen. 9:04 of 1st period - Deflect By Filip Forsberg. 9:04 of 1st period - Shot Blocked by Jared Spurgeon. 9:29 of 1st period - Icing by Ryan Johansen. 9:30 of 1st period - Nick Bonino wins face-off versus Filip Forsberg in CALGARY FIREMEN zone. 10:25 of 1st period - Shot by Oskar Lindblom. 10:25 of 1st period - Stopped by Jacob Markstrom without a rebound. 10:26 of 1st period - Evgeni Malkin wins face-off versus Adam Henrique in SAN JOSE BRONCOS zone. 11:39 of 1st period - Shot by Ryan Johansen. 11:39 of 1st period - Stopped by Jacob Markstrom without a rebound. 11:40 of 1st period - Luke Glendening wins face-off versus Mikko Koivu in SAN JOSE BRONCOS zone. 11:49 of 1st period - Shot by Luke Glendening. 11:49 of 1st period - Stopped by Jacob Markstrom without a rebound. 11:50 of 1st period - Ryan Johansen wins face-off versus Colton Sissons in SAN JOSE BRONCOS zone. 12:01 of 1st period - Shot by Filip Forsberg. 12:01 of 1st period - Shot Misses the Net. 12:03 of 1st period - Shot by Andy Greene. 12:03 of 1st period - Stopped by Jacob Markstrom without a rebound. 12:04 of 1st period - Luke Glendening wins face-off versus Mikko Koivu in SAN JOSE BRONCOS zone. 12:05 of 1st period - Shot by Oskar Lindblom. 12:05 of 1st period - Shot Misses the Net. 12:08 of 1st period - Icing by Jaccob Slavin. 12:09 of 1st period - Luke Glendening wins face-off versus Mikko Koivu in SAN JOSE BRONCOS zone. 12:37 of 1st period - Zach Parise is hit by Jonathon Merrill and loses puck. 12:43 of 1st period - Mikko Koivu is hit by Jonathon Merrill and loses puck. 12:50 of 1st period - Shot by Oliver Bjorkstrand. 12:50 of 1st period - Stopped by Devan Dubnyk with a rebound. 13:09 of 1st period - Minor Penalty to Adam Pelech for Tripping. 13:10 of 1st period - Ryan Johansen wins face-off versus Nick Bonino in SAN JOSE BRONCOS zone. 15:03 of 1st period - Shot by Ryan Johansen. 15:03 of 1st period - Shot Misses the Net. 15:05 of 1st period - Shot by Ryan Johansen. 15:05 of 1st period - Goal by Ryan Johansen - SAN JOSE BRONCOS : 0 - CALGARY FIREMEN : 1. 15:06 of 1st period - Luke Glendening wins face-off versus Evgeni Malkin in neutral zone. 15:21 of 1st period - Shot by Colton Sceviour. 15:21 of 1st period - Goal by Colton Sceviour - SAN JOSE BRONCOS : 0 - CALGARY FIREMEN : 2. 15:22 of 1st period - Nick Bonino wins face-off versus Christopher Brown in neutral zone. 15:27 of 1st period - Shot by Anthony Beauvillier. 15:27 of 1st period - Shot Blocked by Ryan Graves. 15:29 of 1st period - Shot by Marco Scandella. 15:29 of 1st period - Goal by Marco Scandella - SAN JOSE BRONCOS : 1 - CALGARY FIREMEN : 2. 15:30 of 1st period - Ryan Johansen wins face-off versus Evgeni Malkin in neutral zone. 15:33 of 1st period - Nick Holden is hit by Filip Forsberg. 15:37 of 1st period - Shot by Filip Forsberg. 15:37 of 1st period - Stopped by Jacob Markstrom with a rebound. 15:57 of 1st period - Shot by Filip Forsberg. 15:57 of 1st period - Shot Misses the Net. 15:59 of 1st period - Shot by Viktor Arvidsson. 15:59 of 1st period - Stopped by Jacob Markstrom with a rebound. 17:33 of 1st period - Shot by Luke Glendening. 17:33 of 1st period - Shot Misses the Net. 17:35 of 1st period - Shot by Jonathon Merrill. 17:35 of 1st period - Stopped by Jacob Markstrom without a rebound. 17:36 of 1st period - Nick Bonino wins face-off versus Ryan Johansen in SAN JOSE BRONCOS zone. 19:01 of 1st period - Shot by Jordan Weal. 19:01 o